 Dungeon Crawl Stone Soup version 0.17-a0-1571-g3ed2ab2 (webtiles) character file.

38 Chiseanne the Skirmisher (level 3, 0/49 HPs)
             Began as a Demonspawn Wanderer on July 24, 2015.
             Succumbed to an orc's poison
             ... on level 3 of the Dungeon.
             The game lasted 00:03:59 (1522 turns).

Chiseanne the Skirmisher (Demonspawn Wanderer)      Turns: 1522, Time: 00:03:59

Health: 0/49       AC: 21    Str: 11    XL:     3   Next: 25%
Magic:  0/3        EV:  4    Int: 12    God:
Gold:   78         SH:  5    Dex: 20    Spells: 0 memorised, 2 levels left

rFire  . . .     SeeInvis .     a - +0 short sword
rCold  + . .     Clarity  .     (armour currently unavailable)
rNeg   + + +     SustAt   +     h - +0 buckler
rPois  +         Gourm    .     (helmet currently unavailable)
rElec  .         Spirit   +     (cloak currently unavailable)
rCorr  .         Warding  .     (gloves currently unavailable)
rMut   .         NoTele   +     (boots currently unavailable)
MR     .....                    (no amulet)
Stlth  +++.......               p - ring of sustain attributes
                                j - ring of protection from cold

@: agile, lethally poisoned (0 -> -15), tree-form, not resistant to hostile
enchantments, fairly stealthy
A: repulsion field 1, magic shield
a: no special abilities


You were on level 3 of the Dungeon.
You were not hungry.
You were a tree.
You visited 1 branch of the dungeon, and saw 3 of its levels.

You collected 78 gold pieces.

Inventory:

Hand weapons
 a - a +0 short sword (weapon)
 w - a +2 hand crossbow
Missiles
 b - 25 bolts
Armour
 c - a +0 ring mail (melded)
 h - a +0 buckler (worn)
Jewellery
 j - a ring of protection from cold (left branch)
 p - a ring of sustain attributes (right branch)
Scrolls
 k - 2 scrolls of remove curse
 o - a scroll of amnesia
Potions
 l - a potion of agility
 m - a potion of magic
Comestibles
 e - a bread ration
 f - a meat ration
 g - a slice of pizza
 i - 2 chunks of flesh


   Skills:
 + Level 5.1 Fighting
   Level 1.0 Maces & Flails
 + Level 1.5 Crossbows
 - Level 1.0 Throwing
 * Level 2.0 Armour
 - Level 1.0 Stealth
 * Level 1.1 Shields


You had 2 spell levels left.
You didn't know any spells.

Dungeon Overview and Level Annotations

Branches:
Dungeon (3/15)

Altars:
Cheibriados


Innate Abilities, Weirdness & Mutations

You are surrounded by a mild repulsion field (EV +2).
When hurt, damage is shared between your health and your magic reserves.


Message History

The orc hits you but does no damage.
You barely miss the orc.
The orc is moderately wounded.
* * * LOW HITPOINT WARNING * * *
You feel sick. The orc hits you but does no damage.
You closely miss the orc.
The orc is moderately wounded.
* * * LOW HITPOINT WARNING * * *
You feel sick. The orc hits you but does no damage.
You hit the orc.
The orc is severely wounded.
* * * LOW HITPOINT WARNING * * *
You feel sick. The orc hits you. The orc hits you but does no damage.
You closely miss the orc.
The orc is severely wounded.
* * * LOW HITPOINT WARNING * * *
You feel sick. The orc hits you.
You barely miss the orc.
The orc is severely wounded.
You die...

#.#.. .......####
#.#.# #..........
#.#.# #.#........##
## #.#.###.#÷##.###
....
.............##.
.#.
#.#.<...........#..
##.#.##.#######.oo
##.###.# #o# ###
#.# #♣# #.# #.#
#.########.#
#......[...#
############


You could see 3 orcs.

Vanquished Creatures
  A worm (D:2)
  2 giant geckos (D:2)
  5 hobgoblins
  A quokka (D:2)
  4 bats
  3 giant newts
  9 goblins
  3 kobolds (D:1)
  6 rats
34 creatures vanquished.

Notes
Turn   | Place    | Note
--------------------------------------------------------------
     0 | D:1      | Chiseanne the Demonspawn Wanderer began the quest for the Orb.
     0 | D:1      | Chiseanne set off with: a +2 hand crossbow, 25 bolts, a +0 ring mail, a potion of lignification, a bread ration
     0 | D:1      | Reached XP level 1. HP: 21/21 MP: 1/1
   314 | D:1      | Gained mutation: When hurt, damage is shared between your health and your magic reserves. [demonic ancestry]
   314 | D:1      | Reached XP level 2. HP: 21/27 MP: 2/2
  1056 | D:2      | Reached skill level 1 in Shields
  1074 | D:2      | Gained mutation: You are surrounded by a mild repulsion field (EV +2). [demonic ancestry]
  1074 | D:2      | Reached XP level 3. HP: 30/33 MP: 3/3
  1231 | D:2      | Found a snail-covered altar of Cheibriados.
  1520 | D:3      | HP: 2/49 [poisoned by an orc]
  1522 | D:3      | Succumbed to an orc's poison

Vault maps used:
D:1:      saegor_arrival_under_anarchy, hangedman_decor_clover_reticule,
          minmay_misc_feat_enclosed
D:2:      nicolae_overflow_crystal_walls, serial_forest,
          infiniplex_forest_end_1, infiniplex_forest_end_3,
          infiniplex_forest_clump_small, infiniplex_forest_clump_diagonal,
          infiniplex_forest_clump_tiny, infiniplex_forest_zigzag_1, minivault_14
D:3:      fedhas_altar_2, tso_metal_star, lemuel_zombie_altar_yredelemnul,
          uniq_jessica

Action                   || total
-------------------------++-------
Melee: Short sword       ||   154
 Fire: Hand crossbow     ||     3
  Use: Scroll            ||     8
       Potion            ||     2
  Eat: Chunk             ||     2
